 Dungeon Crawl Stone Soup version 0.18-a0-1443-ge8f1551 (webtiles) character file.

37 Duffy the Skirmisher (level 3, -1/29 HPs)
             Began as a Mummy Fighter on Mar 1, 2016.
             Slain by a quokka (4 damage)
             ... on level 2 of the Dungeon.
             The game lasted 00:00:39 (665 turns).

Duffy the Skirmisher (Mummy Fighter)                 Turns: 665, Time: 00:00:39

Health: -1/29      AC:  6    Str: 20    XL:     3   Next: 23%
Magic:  3/3        EV:  7    Int:  7    God:
Gold:   38         SH:  8    Dex: 11    Spells: 0 memorised, 2 levels left

rFire  x . .     SeeInvis .     a - +0 war axe
rCold  + . .     Gourm    .     b - +0 scale mail
rNeg   + + +     Faith    .     c - +0 shield
rPois  ∞         Spirit   .     (no helmet)
rElec  .         Dismiss  .     (no cloak)
rCorr  .         Reflect  .     (no gloves)
SustAt .         Harm     .     (no boots)
MR     +....                    (no amulet)
Stlth  ..........               (no ring)
                                e - ring of protection from magic

@: somewhat resistant to hostile enchantments, extremely unstealthy
A: no food or potions, fire vulnerability, cold resistance 1, negative energy
resistance 3, torment resistance, unbreathing
a: no special abilities


You were on level 2 of the Dungeon.
You were not hungry.

You visited 1 branch of the dungeon, and saw 2 of its levels.

You collected 38 gold pieces.


Innate Abilities, Weirdness & Mutations

You do not eat or drink.
Your flesh is vulnerable to fire.
You are immune to poison.
Your flesh is cold resistant.
You are immune to negative energy.
You are immune to unholy pain and torment.
You can survive without breathing.


   Skills:
 - Level 3.0 Fighting
 + Level 3.0 Axes
 - Level 2.4 Armour
 - Level 2.4 Shields


You had 2 spell levels left.
You didn't know any spells.

Inventory:

Hand Weapons
 a - a +0 war axe (weapon)
Armour
 b - a +0 scale mail (worn)
 c - a +0 shield (worn)
Jewellery
 e - a ring of protection from magic (left hand)
Scrolls
 d - a scroll of teleportation {unknown}

Dungeon Overview and Level Annotations

Branches:
Dungeon (2/15)

Altars:


Message History

The adder bites you but does no damage. The adder barely misses you.
You closely miss the adder.
The adder is heavily wounded.
The adder completely misses you. The adder barely misses you.
You closely miss the adder.
The adder is heavily wounded.
You block the adder's attack.
You closely miss the adder.
The adder is heavily wounded.
You block the adder's attack. The adder bites you but does no damage.
You barely miss the adder.
The adder is heavily wounded.
The adder barely misses you. x2
You slash the adder!
You kill the adder!
Your Axes skill increases to level 3!
Your shield and scale mail prevent you from hitting the quokka.
The quokka bites you but does no damage.
The quokka closely misses you.
You barely miss the quokka. The quokka bites you. x2
You closely miss the quokka.
The quokka bites you but does no damage. x2
You barely miss the quokka.
The quokka bites you but does no damage.
You barely miss the quokka. You block the quokka's attack.
The quokka bites you but does no damage.
You closely miss the quokka. The quokka bites you.
You block the quokka's attack.
You closely miss the quokka. The quokka bites you.
The quokka bites you but does no damage.
You closely miss the quokka. The quokka closely misses you.
You closely miss the quokka.
The quokka bites you but does no damage.
The quokka bites you.
You die...

##.. #.# #.# ....### #.#
#.######## #.... #.# #)........
#...#####.###..######
#.............#.##
###....###.##.###.######
.....)......S## ##.....#
.%...(.###.##r###..###.########
.?(....>...###.#@#.# #.........
.###..###### ##r##.# ##########
. #..# #.##.# . #..# #.##.# .
#..# #.##.###### . #..#
#.........# . #..# ####.####.#
. ...# #.# #.# ##.####.#


You could see a quokka.

Action                   || total
-------------------------++-------
Melee: War axe           ||   103

Notes
Turn   | Place    | Note
--------------------------------------------------------------
     0 | D:1      | Duffy the Mummy Fighter began the quest for the Orb.
     0 | D:1      | Reached XP level 1. HP: 18/18 MP: 1/1
   242 | D:2      | Reached skill level 2 in Axes
   242 | D:2      | Reached XP level 2. HP: 18/24 MP: 2/2
   614 | D:2      | Reached XP level 3. HP: 29/29 MP: 3/3
   656 | D:2      | Reached skill level 3 in Axes
   665 | D:2      | Slain by a quokka

Vault maps used:
D:1:      minmay_arrival_nine_rooms, minmay_newt_pond
D:2:      overflow_temple_1_default, first_bread

Vanquished Creatures
  3 adders
  A giant gecko
  A ball python
  A giant cockroach
  2 hobgoblins
  A bat
  2 kobolds
11 creatures vanquished.
